 Dungeon Crawl Stone Soup version 0.16-a0-3493-gd9d85f0 (webtiles) character file.

26088 RedPan the Destroyer (level 12, -19/67 HPs)
             Began as a Deep Elf Wizard on June 19, 2014.
             Was an Elder of Vehumet.
             Demolished by a death yak (27 damage)
             ... on level 5 of the Lair of Beasts on Jan 4, 2015.
             The game lasted 02:44:35 (23094 turns).

RedPan the Destroyer (Deep Elf Wizard)             Turns: 23094, Time: 02:44:36

Health: -19/67     AC:  8    Str:  4    XL:     12   Next: 95%
Magic:  33/33      EV: 19    Int: 25    God:    Vehumet [****..]
Gold:   911        SH:  0    Dex: 17    Spells: 7 memorised, 8 levels left

rFire  + . .     SeeInvis +     a - staff of conjuration
rCold  + . .     Clarity  .     w - +2 robe {rF+}
rNeg   . . .     SustAb   .     (no shield)
rPois  .         Gourm    .     b - +0 hat
rElec  .         Spirit   .     E - +2 cloak
rCorr  +         Warding  .     (no gloves)
rMut   .         Stasis   .     x - +0 pair of boots
MR     +....                    z - amulet of resist corrosion
Stlth  ++........               N - ring of protection from cold
                                M - ring of see invisible

@: delayed fireball, somewhat resistant to hostile enchantments, unstealthy
A: no striking features
a: Renounce Religion, Release Delayed Fireball


You were on level 5 of the Lair of Beasts.
You worshipped Vehumet.
Vehumet was greatly pleased with you.
You were not hungry.

You visited 3 branches of the dungeon, and saw 16 of its levels.

You collected 911 gold pieces.

Inventory:

Hand weapons
 G - a +3 whip of freezing
Missiles
 y - 3 throwing nets (quivered)
Armour
 b - a +0 hat (worn)
 w - a +2 robe of fire resistance (worn)
 x - a +0 pair of boots (worn)
 E - a +2 cloak (worn)
Magical staves
 a - an uncursed staff of conjuration (weapon)
 k - an uncursed staff of earth
Jewellery
 z - an amulet of resist corrosion (around neck)
 M - a ring of see invisible (left hand)
 N - a ring of protection from cold (right hand)
 U - an uncursed ring of positive energy
Magical devices
 d - a wand of draining (5)
 q - a wand of paralysis (11)
 r - a wand of lightning (6)
 D - a wand of digging (7)
Scrolls
 f - 3 scrolls of identify
 m - 4 scrolls of fog
 o - 2 scrolls of teleportation
 s - a scroll of vulnerability {unknown}
 v - 7 scrolls of remove curse
 P - 2 scrolls of magic mapping
 Q - a scroll of blinking
Potions
 e - 2 potions of haste
 g - a potion of cancellation {unknown}
 h - 5 potions of curing
 i - 2 potions of brilliance
 j - 4 potions of agility
 n - a potion of restore abilities
 t - a potion of resistance
 H - 3 potions of heal wounds
Comestibles
 c - 3 fruits
 l - 3 bread rations
 p - 6 meat rations
 A - 4 chunks of flesh
 B - 2 chunks of flesh


   Skills:
 - Level 4.4 Fighting
 - Level 10.0 Dodging
 - Level 2.4 Stealth
 - Level 10.0 Spellcasting
 + Level 13.9 Conjurations
   Level 1.1 Summonings
 - Level 1.1 Translocations
 + Level 13.5 Fire Magic
 - Level 3.1 Poison Magic


You had 8 spell levels left.
You knew the following spells:

 Your Spells              Type           Power        Failure   Level  Hunger
a - Magic Dart            Conj           ####         1%          1    None
b - Repel Missiles        Chrm/Air       ##....       10%         2    None
c - Blink                 Tloc           N/A          6%          2    None
d - Mephitic Cloud        Conj/Pois/Air  ######..     1%          3    None
f - Stone Arrow           Conj/Erth      ######       1%          3    None
g - Bolt of Draining      Conj/Necr      ######....   3%          5    ####...
h - Delayed Fireball      Conj/Fire      N/A          4%          7    #######


Dungeon Overview and Level Annotations

Branches:
Dungeon (10/15)            Temple (1/1) D:7            Lair (5/8) D:10
 Shoals (0/5) Lair:4
  Snake: Lair:3-6    Spider: Lair:3-6       Orc: D:9-12

Altars:
Elyvilon
Fedhas
Gozag
Kikubaaqudgha
Qazlal
Vehumet
Xom
Zin

Annotations:
D:3 exclusion: oklob plant
D:5 Edmund, Sigmund


Message History

The death yak bellows!
Found 3 scrolls of identify.
The seven-headed hydra roars!
The death yak bellows!
The death yak bellows!
The death yak snorts and paws the ground.
The water moccasin completely misses you.
The death yak gores you! The death yak barely misses you.
The water moccasin misses you.
You hit the death yak.
The death yak is lightly wounded.
The water moccasin completely misses you.
The death yak gores you. The death yak gores you!!
The water moccasin misses you. The death yak barely misses you.
The death yak misses you. The death yak gores you!!
* * * LOW HITPOINT WARNING * * *
The water moccasin barely misses you. The death yak gores you.
* * * LOW HITPOINT WARNING * * *
The death yak barely misses you.
Unknown command.
The death yak gores you!!
You die...

#......###.....#
#......###.....#
.......##.....##
#P.....#......##
P.( ###.....#
#......##
#.......#
##.SYY###
#Y@Y..#
......P.YD.#.#
..........#.#
...........#.
....?........
............#
.#......###
###....# ...


You could see 5 death yaks, a seven-headed hydra and a water moccasin.

Vanquished Creatures
  2 hydras (Lair:2)
  Nergalle (Lair:4)
  Pikel (D:7)
  2 hill giants
  3 elephants (Lair:3)
  4 black mambas
  5 spiny frogs
  6 komodo dragons
  2 merfolk (Lair:4)
  8 blink frogs
  4 basilisks
  2 removed
  MONS_SHARKs (Lair:4)
  A hog (D:7)
  A hungry ghost (D:8)
  2 ugly things (D:10)
  39 yaks
  A human (D:7)
  3 hippogriffs
  5 wolves (Lair:2)
  Menkaure (D:4)
  3 water moccasins
  7 porcupines
  A slave (D:7)
  An ice beast (D:6)
  2 orc warriors
  A manticore zombie (D:10)
  4 ogres
  12 crocodiles
  2 sky beasts
  3 centaurs
  2 big kobolds (D:9)
  14 giant frogs
  9 scorpions
  A troll zombie (D:8)
  9 killer bees
  4 wights (D:10)
  2 goliath beetles
  9 hounds
  4 crimson imps
  2 giant frog zombies (D:6)
  6 iguanas
  2 orc priests
  3 jellies (D:8)
  A giant frog skeleton (D:7)
  A gnoll shaman (D:5)
  9 orc wizards
  3 quasits
  2 removed
  MONS_BIG_FISHs (D:3)
  Natasha (twice) (D:3)
  6 worker ants
  9 sheep
  An ogre zombie (D:6)
  Ijyb (D:3)
  Jessica (D:3)
  A hound zombie (D:5)
  A mummy (D:10)
  20 river rats
  16 adders
  10 gnolls
  A gnoll zombie (D:7)
  6 shadow imps
  3 worms
  An adder zombie (D:10)
  An iguana zombie (D:6)
  An adder skeleton (D:4)
  4 orc skeletons
  5 giant geckos
  6 oozes
  38 orcs
  A bat skeleton (D:5)
  23 goblins
  20 hobgoblins
  6 jackals
  12 quokkas
  13 bats
  3 giant cockroaches (D:3)
  6 giant newts
  2 giant spores (D:10)
  A goblin skeleton (D:4)
  A hobgoblin zombie (D:8)
  A jackal zombie (D:5)
  33 kobolds
  A kobold skeleton (D:4)
  15 rats
  3 rat skeletons
  A fungus (Lair:1)
488 creatures vanquished.

Vanquished Creatures (collateral kills)
  A sheep (D:6)
1 creature vanquished.

Vanquished Creatures (others)
  An ogre (D:6)
  A slave (D:7)
  4 sheep (D:6)
  A scorpion zombie (D:7)
  7 fungi
14 creatures vanquished.

Grand Total: 503 creatures vanquished

Notes
Turn   | Place    | Note
--------------------------------------------------------------
     0 | D:1      | RedPan, the Deep Elf Wizard, began the quest for the Orb.
     0 | D:1      | Reached XP level 1. HP: 10/10 MP: 6/6
   428 | D:1      | Reached XP level 2. HP: 15/15 MP: 3/9
  1063 | D:2      | Learned a level 2 spell: Call Imp
  1066 | D:2      | Learned a level 2 spell: Blink
  1128 | D:2      | Reached skill level 5 in Spellcasting
  1128 | D:2      | Reached XP level 3. HP: 19/19 MP: 7/14
  1136 | D:2      | Learned a level 3 spell: Mephitic Cloud
  1996 | D:3      | Reached XP level 4. HP: 24/24 MP: 10/17
  2097 | D:3      | Noticed Natasha
  2104 | D:3      | Killed Natasha
  2354 | D:3      | Reached XP level 5. HP: 28/28 MP: 12/20
  2402 | D:3      | Found a blossoming altar of Fedhas.
  2429 | D:3      | Reached skill level 6 in Spellcasting
  2429 | D:3      | Reached skill level 5 in Conjurations
  2805 | D:3      | Reached skill level 1 in Poison Magic
  2856 | D:3      | Noticed Ijyb
  2867 | D:3      | Killed Ijyb
  3020 | D:3      | Found a glowing silver altar of Zin.
  3041 | D:3      | Reached XP level 6. HP: 32/32 MP: 19/22
  3141 | D:3      | Noticed Jessica
  3235 | D:3      | Killed Jessica
  3400 | D:3      | Noticed Natasha
  3409 | D:3      | Killed Natasha
  3740 | D:3      | Noticed an oklob plant
  4393 | D:4      | Noticed Menkaure
  4419 | D:4      | Killed Menkaure
  4419 | D:4      | Reached XP level 7. HP: 9/36 MP: 7/24
  4961 | D:4      | Reached skill level 7 in Conjurations
  4993 | D:5      | Entered Level 5 of the Dungeon
  5134 | D:5      | Found an ancient bone altar of Kikubaaqudgha.
  5155 | D:5      | Got a faintly glowing dagger
  5156 | D:5      | Identified the +1 dagger "Deps" {flame, Str+3} (You found it on level 5 of the Dungeon)
  6067 | D:5      | Reached skill level 8 in Conjurations
  6467 | D:5      | Noticed Edmund
  6512 | D:5      | Noticed Sigmund
  6851 | D:6      | Reached XP level 8. HP: 41/41 MP: 3/25
  6853 | D:6      | Reached skill level 9 in Conjurations
  7612 | D:6      | Reached skill level 10 in Conjurations
  7888 | D:6      | Reached skill level 1 in Fighting
  8378 | D:6      | Found a shimmering altar of Xom.
  8673 | D:6      | Reached skill level 5 in Dodging
  9062 | D:7      | Reached XP level 9. HP: 51/51 MP: 20/26
  9299 | D:7      | Noticed Pikel
  9315 | D:7      | Killed Pikel
  9482 | D:7      | Found a staircase to the Ecumenical Temple.
  9491 | Temple   | Entered the Ecumenical Temple
  9497 | Temple   | Became a worshipper of Vehumet
  9621 | D:7      | Found an opulent altar of Gozag.
 10247 | D:7      | Acquired Vehumet's first power
 10247 | D:7      | Offered knowledge of Sting by Vehumet.
 10252 | D:7      | Learned a level 3 spell: Conjure Flame
 10532 | D:8      | Reached skill level 1 in Fire Magic
 10951 | D:8      | Reached XP level 10. HP: 55/58 MP: 20/27
 11033 | D:8      | Offered knowledge of Sandblast by Vehumet.
 11860 | D:9      | Noticed a hill giant
 12064 | D:9      | Reached skill level 10 in Dodging
 12064 | D:9      | Reached skill level 5 in Fire Magic
 12354 | D:9      | Killed a hill giant
 12593 | D:9      | Offered knowledge of Stone Arrow by Vehumet.
 12598 | D:9      | Learned a level 3 spell: Stone Arrow
 12850 | D:10     | Entered Level 10 of the Dungeon
 12893 | D:10     | Found a staircase to the Lair.
 12911 | D:10     | Acquired Vehumet's second power
 13855 | D:10     | Offered knowledge of Olgreb's Toxic Radiance by Vehumet.
 13979 | D:10     | Noticed a hill giant
 13990 | D:10     | Killed a hill giant
 14302 | D:10     | Reached XP level 11. HP: 42/62 MP: 12/31
 14946 | Lair:1   | Entered Level 1 of the Lair of Beasts
 15069 | Lair:1   | Reached skill level 10 in Fire Magic
 15345 | Lair:1   | Acquired Vehumet's third power
 15389 | Lair:1   | Noticed a five-headed hydra
 15853 | Lair:1   | Offered knowledge of Bolt of Draining by Vehumet.
 15860 | Lair:1   | Learned a level 5 spell: Bolt of Draining
 16246 | Lair:1   | HP: 3/62 [spiny frog (19)]
 16247 | Lair:1   | HP: 1/62 [poisoned by a spiny frog]
 16500 | Lair:1   | Reached skill level 11 in Conjurations
 16683 | Lair:1   | Upgraded the game from 0.15-a0-1579-gd26fec2 to 0.15-a0-1619-g29500c9
 17744 | Lair:1   | Reached skill level 12 in Fire Magic
 17978 | Lair:2   | Noticed a five-headed hydra
 18502 | Lair:2   | Killed a five-headed hydra
 18502 | Lair:2   | Reached XP level 12. HP: 23/67 MP: 11/32
 18778 | Lair:2   | Noticed a five-headed hydra
 18873 | Lair:2   | Offered knowledge of Delayed Fireball by Vehumet.
 18882 | Lair:2   | Learned a level 7 spell: Delayed Fireball
 19362 | Lair:2   | Killed a five-headed hydra
 19654 | Lair:2   | Identified a scroll of acquirement
 19662 | Lair:2   | Learned a level 2 spell: Repel Missiles
 19837 | Lair:3   | Reached skill level 10 in Spellcasting
 21268 | Lair:3   | Reached skill level 13 in Conjurations
 22118 | Lair:4   | Noticed Nergalle
 22144 | Lair:4   | Killed Nergalle
 22434 | Lair:4   | Found a staircase to the Shoals.
 23050 | Lair:4   | Upgraded the game from 0.15-a0-1619-g29500c9 to 0.16-a0-3493-gd9d85f0
 23088 | Lair:5   | Noticed a seven-headed hydra
 23094 | Lair:5   | Demolished by a death yak

Action                   |  1- 3 |  4- 6 |  7- 9 | 10-12 || total
-------------------------+-------+-------+-------+-------++-------
Melee: Short sword       |     7 |    14 |       |       ||    21
       Dagger            |       |       |    53 |       ||    53
       Whip              |       |       |       |    44 ||    44
       Staff             |       |       |       |     1 ||     1
Throw: Throwing net      |       |       |       |     2 ||     2
 Cast: Magic Dart        |    97 |   176 |   605 |   380 ||  1258
       Mephitic Cloud    |       |    18 |    33 |    77 ||   128
       Stone Arrow       |       |       |       |   435 ||   435
       Blink             |       |       |       |     8 ||     8
       Conjure Flame     |       |       |       |     1 ||     1
       Call Imp          |       |       |       |     1 ||     1
       Delayed Fireball  |       |       |       |     7 ||     7
       Bolt of Draining  |       |       |       |     4 ||     4
 Abil: Release Delayed F |       |       |       |     6 ||     6
Evoke: Wand              |       |     1 |     9 |    26 ||    36
  Use: Potion            |       |     2 |     6 |     4 ||    12
       Scroll            |       |     1 |     6 |    21 ||    28
 Stab: Sleeping          |     1 |     1 |       |       ||     2
       Confused          |       |       |     3 |     5 ||     8
